Map: [ESL] Babylon

Players

eGGz

  • Race: Zerg Zerg
  • Spawn Location: 11:00

Nina - Winner!

  • Race: Protoss Protoss
  • Spawn Location: 5:00

Event: ESL SC2 Masters 2023 Summer (Regionals)

VOD

Have the link to the VOD?

Description

Time

  • Played on: May 13, 2023, 2:28 p.m.
  • Length: 6:48

All games in this series

Show
View Real Time Build Order
Export as new Build Order

eGGz Zerg 

Build Orders: Hatch First 

Get SALT Encoding   

  12  0:00  Drone  
  13  0:12  Overlord  
  13  0:16  Drone  
  14  0:31  Drone  
  15  0:46  Hatchery  
  15  0:49  Drone  
  15  0:54  Drone  
  15  0:57  Drone  
  17  1:08  Extractor, Drone  
  17  1:18  Spawning Pool  
  17  1:19  Drone  
  17  1:27  Drone  
  18  1:33  Drone  
  19  1:44  Drone  
  20  1:59  Overlord  
  20  2:03  Drone  
  20  2:07  Queen x2  
  25  2:12  Zergling x2  
  25  2:13  Metabolic Boost  
  26  2:15  Drone  
  26  2:20  Zergling x2  
  26  2:22  Drone  
  29  2:41  Drone  
  30  2:45  Hatchery  
  30  2:46  Drone  
  30  2:48  Overlord  
  30  2:54  Queen  
  30  2:57  Drone  
  33  3:04  Queen  
  35  3:06  Drone  
  35  3:09  Zergling x2  
  35  3:11  Zergling x2  
  38  3:15  Drone  
  38  3:16  Drone  
  40  3:23  Overlord, Drone  
  40  3:24  Drone  
  42  3:27  Drone  
  43  3:35  Lair  
  43  3:38  Drone  
  44  3:43  Drone  
  44  3:44  Drone, Queen  
  44  3:48  Zergling x4  
  48  3:52  Drone  
  49  3:57  Queen  
  51  4:08  Zergling x10  
  55  4:11  Spore Crawler  
  54  4:17  Overlord  
  54  4:20  Queen  
  56  4:25  Overlord  
  55  4:37  Queen  
  55  4:38  Queen, Nydus Network  
  55  4:40  Zergling x2  
  55  4:41  Zergling x4  
  60  4:47  Zergling x8  
  64  4:53  Zergling x6  
  64  4:56  Zergling x4  
  68  5:03  Zergling x4  
  68  5:04  Zergling x6  
  69  5:14  Nydus Canal  
  59  5:22  Zergling x14  
  63  5:41  Zergling x10  
  55  5:57  Nydus Canal  
  55  5:59  Zergling x2  
  55  6:00  Zergling x4  
  56  6:04  Zergling x8  
  56  6:07  Zergling x2  
  53  6:18  Zergling x10  
  53  6:24  Zergling x4  
Show
View Real Time Build Order
Export as new Build Order

Nina Protoss - Winner!

Build Orders: 1 Gate Expand, Oracle Opening 

Get SALT Encoding   

  12  0:00  Probe  
  13  0:12  Probe  
  14  0:18  Pylon  
  14  0:24  Probe (Chrono Boost)  
  15  0:36  Probe (Chrono Boost)  
  15  0:39  Gateway  
  16  0:45  Probe (Chrono Boost)  
  16  0:47  Assimilator  
  17  0:51  Probe  
  18  1:03  Probe  
  19  1:15  Probe  
  20  1:25  Nexus  
  20  1:36  Cybernetics Core  
  20  1:38  Probe  
  21  1:45  Assimilator  
  21  1:50  Probe  
  22  2:02  Probe  
  22  2:04  Pylon  
  23  2:13  Warp Gate  
  23  2:22  Adept  
  26  2:23  Probe (Chrono Boost)  
  26  2:25  Stargate  
  26  2:30  Probe (Chrono Boost)  
  27  2:37  Probe (Chrono Boost)  
  27  2:38  Probe (Chrono Boost)  
  29  2:48  Probe (Chrono Boost)  
  29  2:49  Probe (Chrono Boost)  
  31  2:52  Adept  
  31  2:53  Probe (Chrono Boost)  
  31  2:54  Probe (Chrono Boost)  
  35  3:03  Probe  
  35  3:04  Probe  
  37  3:10  Oracle (Chrono Boost)  
  40  3:15  Probe  
  40  3:16  Probe  
  42  3:24  Pylon  
  42  3:27  Probe  
  42  3:28  Probe  
  44  3:35  Gateway  
  44  3:39  Probe  
  44  3:40  Probe  
  44  3:41  Oracle (Chrono Boost)  
  46  3:45  Pylon  
  49  3:52  Nexus  
  49  3:53  Probe  
  50  3:56  Probe  
  50  4:00  Pylon  
  51  4:04  Shield Battery  
  51  4:06  Stalker  
  51  4:08  Probe x2 (Chrono Boost)  
  55  4:16  Twilight Council  
  55  4:20  Probe (Chrono Boost)  
  55  4:22  Probe (Chrono Boost), Assimilator  
  55  4:24  Probe (Chrono Boost), Assimilator  
  57  4:29  Pylon  
  57  4:30  Stalker  
  60  4:33  Probe  
  60  4:37  Gateway  
  60  4:38  Probe  
  62  4:41  Pylon  
  62  4:44  Gateway  
  62  4:47  Probe  
  63  4:57  Probe (Chrono Boost)  
  65  5:02  Probe (Chrono Boost)  
  65  5:04  Stalker x2  
  69  5:09  Probe (Chrono Boost)  
  69  5:10  Probe (Chrono Boost)  
  71  5:16  Probe (Chrono Boost)  
  71  5:18  Probe (Chrono Boost)  
  72  5:25  Shield Battery x2  
  72  5:27  Stalker  
  72  5:28  Sentry  
  76  5:30  Shield Battery  
  76  5:31  Pylon  
  76  5:37  Sentry  
  76  5:41  Gateway  
  78  5:44  Gateway  
  78  5:45  Sentry  
  78  5:48  Gateway  
  78  5:50  Gateway  
  78  5:51  Sentry  
  78  5:52  Stalker  
  80  6:02  Stalker  
  80  6:04  Pylon  
  82  6:05  Shield Battery  
  82  6:10  Stalker  
  84  6:17  Zealot x2  
  81  6:29  Probe  
  81  6:32  Stalker  
Tags
 
Add a new tag
Caveats
  • Supply blocks, unpowered buildings, or Contaminate may cause inaccurate times.
  • Supply counts are checked every 10 seconds.